 Dungeon Crawl Stone Soup version 0.30.1 (webtiles) character file.

Game seed: 17158463618528590819

322 Graphine the Gusty (level 6, -1/50 HPs)
             Began as a Draconian Air Elementalist on July 9, 2023.
             Killed by their own static electricity (3 damage)
             ... on level 5 of the Dungeon.
             The game lasted 00:09:17 (4060 turns).

Graphine the Gusty (Draconian Air Elementalist)     Turns: 4060, Time: 00:09:17

Health: -1/50      AC:  6    Str: 10    XL:     6   Next: 22%
Magic:  6/10       EV: 12    Int: 17    God:
Gold:   145        SH:  0    Dex: 12    Spells: 5/11 levels left

rFire   . . .        j - +1 short sword (flame)
rCold   . . .        (no shield)
rNeg    . . .        (body armour unavailable)
rPois   .            (helmet restricted)
rElec   .            (no cloak)
rCorr   .            (no gloves)
SInv    .            (no boots)
Will    .....        (no amulet)
Stlth   ++           (no ring)
HPRegen 0.28/turn    (no ring)
MPRegen 0.12/turn

%: no passive effects
@: no status effects
A: AC +6, unfitting armour, cold-blooded
a: no special abilities


You were on level 5 of the Dungeon.
You visited 1 branch of the dungeon, and saw 5 of its levels.

You collected 145 gold pieces.

Inventory:

Hand Weapons
 j - a +1 short sword of flaming (weapon)
Scrolls
 b - 3 scrolls of teleportation
 e - 3 scrolls of noise
 h - 2 scrolls of amnesia
 n - a scroll of poison
Potions
 c - a potion of lignification {unknown}
 d - 5 potions of curing
 f - 2 potions of might
 g - a potion of invisibility {unknown}
 i - a potion of cancellation {unknown}
 k - a potion of resistance {unknown}
 m - a potion of heal wounds {unknown}
 o - a potion of haste {unknown}


   Skills:
 + Level 2.5 Fighting
 + Level 2.7 Dodging
 - Level 1.7 Stealth
 + Level 3.0 Spellcasting
 + Level 2.6 Conjurations
 * Level 4.8 Air Magic


You had 5 spell levels left.
You knew the following spells:

 Your Spells              Type           Power      Damage    Failure   Level
a - Shock                 Conj/Air       60%        1d6       3%          1
b - Static Discharge      Conj/Air       30%        2-4/arc   6%          2
c - Swiftness             Air            18%        N/A       8%          3

Your spell library contained the following spells:

 Spells                   Type           Power      Damage    Failure   Level
 Airstrike                Air            9%         2d(2-18)  24%         4


Dungeon Overview and Level Annotations

Branches:
Dungeon (5/15)
 Temple: D:4-7

Altars:
Ru
Wu Jian
Zin

Shops:
D:1 [   D:2 (:(!:


Innate Abilities, Weirdness & Mutations

Your plain brown scales are hard. (AC +6)
You cannot fit into any form of body armour.
You are cold-blooded and may be slowed by cold attacks.


Message History

The black bear barely misses you.
Casting: Static Discharge (safe; 6% risk of failure)
Confirm with . or Enter, or press ? or * to list all spells.
The black bear is struck by an arc of lightning.
The black bear is severely wounded.
You are struck by an arc of lightning.
The lightning grounds out.
The black bear bites you. The black bear claws you.
The black bear claws you but does no damage.
Casting: Static Discharge (safe; 6% risk of failure)
Confirm with . or Enter, or press ? or * to list all spells.
The black bear is struck by an arc of lightning.
The black bear is severely wounded.
You are struck by an arc of lightning.
The black bear is struck by an arc of lightning.
The black bear is almost dead.
The lightning grounds out.
The black bear bites you.
The black bear claws you but does no damage.
The black bear claws you.
* * * LOW HITPOINT WARNING * * *
Magic courses through your body. The black bear bites you.
* * * LOW HITPOINT WARNING * * *
The black bear claws you.
* * * LOW HITPOINT WARNING * * *
The black bear claws you but does no damage.
Casting: Static Discharge (safe; 6% risk of failure)
Confirm with . or Enter, or press ? or * to list all spells.
The black bear is struck by an arc of lightning.
The black bear is almost dead.
You are struck by an arc of lightning.
* * * LOW HITPOINT WARNING * * *
The lightning grounds out.
The black bear bites you.
* * * LOW HITPOINT WARNING * * *
The black bear claws you but does no damage.
The black bear barely misses you.
Casting: Static Discharge (safe; 6% risk of failure)
Confirm with . or Enter, or press ? or * to list all spells.
The black bear is struck by an arc of lightning.
You kill the black bear!
You are struck by an arc of lightning.
You die...

....... ....
.........#
##....
.........##.#..#
...............#
..............#
..............#
###.......<..#
#...........##
#....@..###
..........#
......##.##
..##.. ### . ##


There were no monsters in sight!

Vanquished Creatures
  A black bear (D:5)
  A scorpion (D:4)
  The ghost of topfpfpflanze the Sneak, a weakling FeAE (D:4)
  7 gnolls
  6 adders
  2 ufetubi (D:4)
  3 worms
  5 dart slugs
  6 orcs
  3 bats
  5 endoplasms
  6 giant cockroaches
  9 goblins
  5 hobgoblins
  5 quokkas
  6 ball pythons
  4 frilled lizards
  8 kobolds
  6 rats
89 creatures vanquished.

Notes
Turn   | Place    | Note
-------+----------+-------------------------------------------
     0 | D:1      | Graphine the Draconian Air Elementalist began the quest for
                  | the Orb.
     0 | D:1      | Reached XP level 1. HP: 14/14 MP: 3/3
   320 | D:1      | Reached XP level 2. HP: 22/22 MP: 1/5
   323 | D:1      | Learned a level 2 spell: Static Discharge
   474 | D:1      | Found Voduigg's Armour Boutique.
   914 | D:2      | Found Ibiaruch's Book Shop.
   918 | D:2      | Reached skill level 1 in Fighting
  1082 | D:2      | Found Tiasexeisa's Distillery.
  1093 | D:2      | Reached XP level 3. HP: 27/28 MP: 3/6
  1412 | D:2      | Found Yronex's Weapon Emporium.
  1413 | D:2      | Found Icyi's Weapon Boutique.
  1527 | D:2      | Found Pitats's Book Shoppe.
  1580 | D:2      | Reached XP level 4. HP: 35/35 MP: 1/7
  2024 | D:3      | Found an ornate altar of the Wu Jian Council.
  2124 | D:3      | Reached skill level 4 in Air Magic
  2684 | D:3      | Reached XP level 5. HP: 41/41 MP: 8/8
  2960 | D:3      | Learned a level 3 spell: Swiftness
  2998 | D:4      | Noticed topfpfpflanze's ghost (weakling FeAE)
  2998 | D:4      | Found a runed translucent door.
  3040 | D:4      | Killed topfpfpflanze's ghost
  3202 | D:4      | Found a sacrificial altar of Ru.
  3342 | D:4      | Found a glowing silver altar of Zin.
  3556 | D:4      | Reached XP level 6. HP: 41/50 MP: 5/10
  4048 | D:5      | Entered Level 5 of the Dungeon
  4059 | D:5      | HP: 2/50 [black bear (4)]
  4060 | D:5      | Killed from afar by themself

Illustrated notes

Levels and vault maps discovered:
D:1:      ncdulo_smallfort, layout_rooms, serial_curves, eino_curves_04,
          eino_curves_01, eino_curves_02, serial_shops, shop,
          minmay_pentomino_t4
D:2:      layout_loops_cross, serial_shops, shop,
          nicolae_shop_bloodbath_and_beyond, nicolae_shop_waterfront,
          nicolae_shop_statue_plus, nicolae_shop_tiny_waterfront
D:3:      minmay_spotlight, layout_loops_cross, nzn_wu_jian_contemplation,
          serial_park_tiny_2
D:4:      layout_basic, nicolae_ru_awakened_eye, mainiacjoe_overflow_boulevard,
          gammafunk_ghost_grave
D:5:      layout_cave_pools, serial_column_ruins, column_ruins_hut,
          column_ruins_columns_corner, column_ruins_corridor_straight,
          column_ruins_columns_dead_end, column_ruins_columns_straight,
          column_ruins_open_tiny, column_ruins_open_medium, uniq_menkaure

Skill      XL: |  1  2  3  4  5  6 |
---------------+-------------------+-----
Fighting       | 1 2 |  2.5
Dodging        | 2 |  2.7
Conjurations   | 2 |  2.6
Air Magic      | 4 |  4.8
Spellcasting   | 3 |  3.0
Stealth        | |  1.7

Action                     |  1- 3 |  4- 6 || total
---------------------------+-------+-------++-------
  Melee: Unarmed           |     2 |       ||     2
         Short sword       |    36 |    77 ||   113
         Tailslap          |     2 |     9 ||    11
         Punch             |     1 |       ||     1
   Cast: Shock             |    27 |    11 ||    38
         Static Discharge  |    11 |    43 ||    54
    Use: Scroll            |     6 |     7 ||    13
         Potion            |       |     1 ||     1
   Stab: Sleeping          |     3 |     5 ||     8
 Armour: Skin              |    16 |    36 ||    52
  Dodge: Dodged            |    28 |    69 ||    97
